AoeStats
← KW_003

Arabia

510304993Analyzed
1v1 RM · 23h ago on Sep 30, 2026· 44m 51s· 2 players
Game mode
Random Map
Map size
Tiny (2 player)
Population
200
Speed
Normal
Resources
Standard
Victory
Conquest
Starting age
Dark Age
Ending age
Imperial Age
RankedLock teamsTeams togetherTeam positionsShared explorationLock speedFull tech treeHidden civsTurbo modeCheats
Victory
Defeat
🇹🇼 Huns · Taiwan
927
+17
🇩🇪 Franks · Germany
955
-17
KW_003
0:30 Loom
9:51 Feudal Age
18:15 Castle Age
18:59 Husbandry
19:08 Scale Barding Armor
22:17 Light Cavalry
25:23 Bloodlines
26:47 Chain Barding Armor
26:24 Fletching
27:46 Bodkin Arrow
28:39 Chain Barding Armor
30:00 Forging
31:44 Thumb Ring
35:14 Iron Casting
35:18 Town Watch
41:44 Padded Archer Armor
42:13 Ballistics
43:52 Squires
Spironolacton
7:01 Loom
10:32 Feudal Age
11:12 Double-Bit Axe
21:12 Wheelbarrow
24:12 Castle Age
23:31 Scale Mail Armor
24:13 Forging
25:19 Bow Saw
25:36 Chain Mail Armor
25:42 Pikeman
29:20 Scale Barding Armor
31:06 Chain Barding Armor
31:21 Stone Mining
32:20 Iron Casting
38:02 Imperial Age
37:13 Squires
37:56 Elite Skirmisher
38:48 Padded Archer Armor
38:38 Fletching
40:50 Fletching
41:21 Leather Archer Armor
41:51 Bodkin Arrow
43:07 Cavalier
Connection lost

Rejoining the realm…

Still unreachable

The connection could not be restored.

Session expired

The server has moved on; the page needs a fresh start.